 Dungeon Crawl Stone Soup version 0.23.2-1-ga50397a (webtiles) character file.

Game seed: 7182046321556446865

149 Iscandelvey the Vexing (level 5, 0/37 HPs)
             Began as a Demonspawn Arcane Marksman on Apr 17, 2019.
             Shot with a stone by a goblin (4 damage)
             ... led by Robin
             ... on level 3 of the Dungeon.
             The game lasted 00:06:10 (2287 turns).

Iscandelvey the Vexing (Demonspawn Arcane Marksman) Turns: 2287, Time: 00:06:11

Health: 0/37       AC:  3    Str: 12    XL:     5   Next: 9%
Magic:  8/8        EV: 12    Int: 15    God:
Gold:   62         SH:  0    Dex: 12    Spells: 7/8 levels left

rFire    . . .     SeeInvis .   d - +0 short sword
rCold    . . .     Gourm    .   (no shield)
rNeg     . . .     Faith    .   e - +0 robe
rPois    .         Spirit   .   (helmet restricted)
rElec    .         Reflect  .   (no cloak)
rCorr    .         Harm     .   s - +0 pair of gloves
MR       .....                  (no boots)
Stlth    +++.......             (no amulet)
HPRegen  0.12/turn              (no ring)
MPRegen  0.11/turn              (no ring)

@: no status effects
A: horns 1, clumsy 1, nightstalker 2, strong 1
a: no special abilities


You were on level 3 of the Dungeon.
You were not hungry.

You visited 1 branch of the dungeon, and saw 3 of its levels.

You collected 62 gold pieces.

Inventory:

Hand Weapons
 a - a +0 hand crossbow
 d - a +0 short sword (weapon)
 o - a +0 hunting sling
Missiles
 m - 9 bolts
 p - 16 sling bullets
Armour
 e - a +0 robe (worn)
 s - a +0 pair of gloves (worn)
Scrolls
 c - a scroll of identify {unknown}
 g - 2 scrolls of fog {unknown}
 h - a scroll of noise {unknown}
 i - a scroll of enchant armour {unknown}
 l - a scroll of random uselessness {unknown}
 n - a scroll of teleportation {unknown}
Potions
 k - a potion of mutation
Comestibles
 f - 3 rations


   Skills:
 - Level 1.3 Fighting
 + Level 3.3 Crossbows
 + Level 2.5 Dodging
 * Level 2.3 Spellcasting
 - Level 3.4 Hexes


You had 7 spell levels left.
You knew the following spells:

 Your Spells              Type           Power        Failure   Level  Hunger
a - Corona                Hex            ##.....      5%          1    #......

Your spell library contained the following spells:

 Spells                   Type           Power        Failure   Level  Hunger
 Slow                     Hex            ##......     8%          2    ###....
 Inner Flame              Hex/Fire       #.......     32%         3    ###....
 Portal Projectile        Hex/Tloc       #.....       32%         3    ###....
 Cause Fear               Hex            ##........   45%         4    #####..
 Leda's Liquefaction      Hex/Erth       #.........   71%         4    #####..


Dungeon Overview and Level Annotations

Branches:
Dungeon (3/15)

Altars:
Trog
Xom

Annotations:
D:3 Robin


Innate Abilities, Weirdness & Mutations

You have a pair of small horns on your head.
You are significantly more attuned to the shadows.
You are clumsy. (Dex -2)
Your muscles are strong. (Str +2)


Message History

You closely miss the goblin. Your headbutt misses the goblin.
The goblin misses you. The goblin closely misses you.
You barely miss the goblin. You headbutt the goblin.
You kill the goblin!
The goblin hits you.
* * * LOW HITPOINT WARNING * * *
The goblin wields a +0 hunting sling.
The goblin shoots a stone.
The stone misses you.
You see here a goblin corpse.
The goblin no longer looks unusually strong.
The goblin no longer looks unusually strong.
The goblin shoots a stone.
The stone hits you.
* * * LOW HITPOINT WARNING * * *
You see here a stone.
The goblin shoots a stone.
The stone hits you.
* * * LOW HITPOINT WARNING * * *
You see here a stone.
There is a stone staircase leading up here.
The goblin shoots a stone.
The stone hits you.
You die...

#.#.....## #.##
.........## #..##
#.........####...##
'.........'...g...#
#.........##.....##
##.......###.#...#######
##.....## #.#.#.).....#
##...## #.#.#.#####.# #
##+## #.#..@..# #.# #
##.######.###.#.###.# #
#.........###.......# #
#..#####......#.#####
####...## #.######.#
.##.....###.# #.#
..........#.######.#
####..#.#..........# #
#........########


You could see a goblin.

Vanquished Creatures
  Terence (D:2)
  A hound skeleton (D:2)
  4 adders
  2 worms (D:2)
  A dart slug (D:1)
  An orc (D:3)
  A ball python (D:1)
  9 bats
  8 giant cockroaches
  11 goblins
  7 hobgoblins
  5 frilled lizards
  7 kobolds
  5 rats
63 creatures vanquished.

Notes
Turn   | Place    | Note
-------+----------+-------------------------------------------
     0 | D:1      | Iscandelvey the Demonspawn Arcane Marksman began the quest
                  | for the Orb.
     0 | D:1      | Reached XP level 1. HP: 15/15 MP: 2/2
    89 | D:1      | Gained mutation: You are slightly more attuned to the
                  | shadows. [demonic ancestry]
    89 | D:1      | Reached XP level 2. HP: 6/21 MP: 3/3
   625 | D:1      | Reached XP level 3. HP: 26/26 MP: 4/4
   774 | D:1      | Found a shimmering altar of Xom.
  1045 | D:2      | Gained mutation: You are clumsy. (Dex -2) [potion of
                  | mutation]
  1045 | D:2      | Gained mutation: Your muscles are strong. (Str +2) [potion
                  | of mutation]
  1045 | D:2      | Gained mutation: You have a pair of small antennae on your
                  | head. [potion of mutation]
  1113 | D:2      | Noticed Terence
  1122 | D:2      | Killed Terence
  1122 | D:2      | Lost mutation: You have a pair of small antennae on your
                  | head. [demonic ancestry]
  1122 | D:2      | Gained mutation: You have a pair of small horns on your
                  | head. [demonic ancestry]
  1122 | D:2      | Reached XP level 4. HP: 13/32 MP: 6/6
  1490 | D:2      | Found a bloodstained altar of Trog.
  2100 | D:3      | Gained mutation: You are significantly more attuned to the
                  | shadows. [demonic ancestry]
  2100 | D:3      | Reached XP level 5. HP: 35/37 MP: 8/8
  2223 | D:3      | Noticed Robin
  2287 | D:3      | Shot with a stone by a goblin

Skill      XL: |  1  2  3  4 |
---------------+-------------+-----
Crossbows      | 2 3 |  3.3
Dodging        | 2 |  2.5
Spellcasting   | 2 |  2.3
Fighting       | |  1.3
Hexes          | |  3.4

Action                   |  1- 3 |  4- 6 || total
-------------------------+-------+-------++-------
Melee: Short sword       |       |    54 ||    54
       Headbutt          |       |     6 ||     6
 Fire: Hand crossbow     |    85 |       ||    85
       Hunting sling     |    13 |    58 ||    71
  Use: Potion            |     3 |     3 ||     6
 Stab: Sleeping          |       |     1 ||     1
  Eat: Chunk             |     1 |     1 ||     2
       Ration            |       |     1 ||     1
Armor: Robe              |     4 |    34 ||    38
Dodge: Dodged            |    26 |    88 ||   114
